 Dungeon Crawl Stone Soup version 0.24.0-5-g267a8d59f4 (webtiles) character file.

Game seed: 2221316554359010120, levelgen mode: deterministic

3238 roguesci the Grappler (level 9, -12/93 HPs)
             Began as a Troll Monk on Nov 1, 2019.
             Was a Believer of Ru.
             Mangled by a two-headed ogre
             ... wielding a +0 giant spiked club
              (26 damage)
             ... on level 8 of the Dungeon.
             The game lasted 00:15:32 (5833 turns).

roguesci the Grappler (Troll Monk)                  Turns: 5833, Time: 00:15:32

Health: -12/93     AC:  9    Str: 24    XL:     9   Next: 66%
Magic:  8/8        EV: 12    Int:  6    God:    Ru [**....]
Gold:   507        SH:  0    Dex: 10    Spells: 8/8 levels left

rFire    . . .     SeeInvis .     - Unarmed
rCold    . . .     Gourm    +   (no shield)
rNeg     + . .     Faith    .   v - +2 robe {Archmagi}
rPois    +         Spirit   .   t - +1 hat
rElec    .         Reflect  .   I - scarf {repulsion}
rCorr    .         Harm     .   (gloves unavailable)
MR       .....                  (boots unavailable)
Stlth    ..........             u - amulet of regeneration
HPRegen  1.05/turn              k - ring of poison resistance
MPRegen  0.11/turn              o - ring of positive energy

@: no potions, slowed, repel missiles, very slow
A: large, unfitting armour, claws 3, clumsy 1, fast metabolism 3, gourmand,
regeneration 1, shaggy fur 1, tough skin 3, inability to drink while threatened,
no stealth
a: Renounce Religion


You were on level 8 of the Dungeon.
You worshipped Ru.
Ru was pleased with you.
You were full.

You visited 1 branch of the dungeon, and saw 8 of its levels.

You collected 507 gold pieces.

Inventory:

Hand Weapons
 h - a +2 dagger of pain
Missiles
 f - 315 stones (quivered)
 K - a throwing net
Armour
 g - a +0 cloak
 t - a +1 hat (worn)
 v - a +2 robe of the Archmagi (worn)
 E - the +0 robe "Arasas" {+Inv MP+9 Int+2}
   (You found it on level 7 of the Dungeon)

   It affects your intelligence (+2).
   It affects your magic capacity (+9).
   It lets you turn invisible.
 I - a scarf of repulsion (worn)
Jewellery
 k - a ring of poison resistance (left claw)
 n - an uncursed ring of see invisible
 o - a ring of positive energy (right claw)
 u - an amulet of regeneration (around neck)
 F - an uncursed ring of positive energy
Wands
 q - a wand of flame (32)
 y - a wand of digging (7)
 D - a wand of iceblast (10)
 M - a wand of scattershot (6)
Scrolls
 a - 6 scrolls of remove curse {unknown}
 c - a scroll of amnesia {unknown}
 d - a scroll of fear {unknown}
 e - a scroll of noise {unknown}
 i - 4 scrolls of teleportation {unknown}
 l - a scroll of magic mapping {unknown}
 p - 2 scrolls of immolation {unknown}
 s - a scroll of enchant armour {unknown}
 w - 3 scrolls of enchant weapon {unknown}
 x - 5 scrolls of identify
 C - a scroll of fog {unknown}
Potions
 j - a potion of degeneration
 m - 2 potions of agility {unknown}
 r - 4 potions of curing
 z - a potion of might {unknown}
 A - a potion of heal wounds {unknown}
 B - a potion of haste {unknown}
 G - a potion of invisibility {unknown}
 H - a potion of berserk rage {unknown}
 J - 2 potions of ambrosia {unknown}
 L - 2 potions of brilliance {unknown}
 N - a potion of flight {unknown}
Comestibles
 b - 21 rations


   Skills:
 + Level 7.0 Fighting
 + Level 7.1 Dodging
 + Level 8.5 Unarmed Combat


You had 8 spell levels left.
You didn't know any spells.
Your spell library contained the following spells:

 Spells                   Type           Power        Failure   Level  Hunger
 Magic Dart               Conj           #...         45%         1    ##.....
 Sandblast                Erth           #.....       45%         1    ##.....
 Blink                    Tloc           N/A          58%         2    ###....
 Call Imp                 Summ           #.......     58%         2    ###....
 Passwall                 Tmut/Erth      #.......     58%         2    ###....
 Slow                     Hex            #.......     58%         2    ###....
 Conjure Flame            Conj/Fire      #.......     83%         3    ####...
 Mephitic Cloud           Conj/Pois/Air  #.......     83%         3    ####...
 Stone Arrow              Conj/Erth      #.....       83%         3    ####...
 Petrify                  Tmut/Erth      #.......     99%         4    #####..
 Lee's Rapid Deconstruct  Erth           #.........   100%        5    ######.


Dungeon Overview and Level Annotations

Branches:
Dungeon (8/15)             Temple (0/1) D:4
   Lair: D:8-11

Altars:
Gozag
Okawaru
Ru
Sif Muna
Xom

Annotations:
D:4 2 transporters, Aviak's ghost, amateur HOWn


Innate Abilities, Weirdness & Mutations

You are too large for most types of armour.
You have claws for hands.
You are clumsy. (Dex -2)
Your metabolism is lightning-fast.
You like to eat raw meat.
Your natural rate of healing is unusually fast.
You are covered in fur. (AC +1)
You have extremely tough skin. (AC +3)
You cannot drink potions while threatened.
You cannot be stealthy.


Message History

Your Fighting skill increases to level 7!
Your Dodging skill increases to level 7!
Your Unarmed Combat skill increases to level 8!
The two-headed ogre barely misses you.
The two-headed ogre hits you with a +0 giant club!!
You claw the two-headed ogre!
The two-headed ogre is moderately wounded.
You scratch the two-headed ogre.
The two-headed ogre is moderately wounded.
The two-headed ogre hits you with a +0 giant spiked club!
* * * LOW HITPOINT WARNING * * *
The two-headed ogre hits you with a +0 giant club!
* * * LOW HITPOINT WARNING * * *
You scratch the two-headed ogre but do no damage.
The two-headed ogre is moderately wounded.
The two-headed ogre barely misses you. x2
You mangle the two-headed ogre!!
The two-headed ogre is severely wounded.
The two-headed ogre hits you with a +0 giant spiked club!!
You die...

.#########...###
.............>#.## ### ..
#...........>...#..###.#
...#.#.##########.##......#
#.#.#....................#
[..O..#######.#..##.######
..............#..##.#
#...########..##.#
#.......O@....##.#
##...########.##.#
#...########.##.#
##........##.##.#
#........##.##.#
##.......##.##.#
##.......##.##.#
#...#....##.##.#
##...#..####.##.#


You could see a two-headed ogre.

Vanquished Creatures
  Erica (D:8)
  Sigmund (D:2)
  A hungry ghost (D:7)
  Edmund (D:5)
  Duvessa (D:6)
  A water moccasin (D:7)
  An ice beast (D:4)
  2 black bears (D:7)
  4 ogres
  A phantom (D:7)
  2 centaurs (D:5)
  A bullfrog (D:6)
  Dowan (D:6)
  A water moccasin skeleton (D:5)
  3 scorpions
  3 crimson imps
  A bullfrog zombie (D:6)
  Crazy Yiuf (D:3)
  A bullfrog skeleton (D:4)
  3 orc priests
  Ijyb (D:3)
  5 orc wizards
  5 worker ants
  A hound skeleton (D:6)
  A howler monkey skeleton (D:4)
  4 gnolls
  9 adders
  A shadow imp (D:6)
  An ooze (D:1)
  An adder skeleton (D:5)
  3 dart slugs
  4 leopard geckos
  11 orcs
  7 bats
  7 giant cockroaches
  6 goblins
  12 hobgoblins
  5 jackals
  12 kobolds
  4 quokkas
  3 ball pythons
  6 frilled lizards
  2 jackal skeletons
  A leopard gecko skeleton (D:5)
  7 rats
150 creatures vanquished.

Vanquished Creatures (others)
  A giant cockroach (D:4)
1 creature vanquished.

Grand Total: 151 creatures vanquished

Notes
Turn   | Place    | Note
-------+----------+-------------------------------------------
     0 | D:1      | roguesci the Troll Monk began the quest for the Orb.
     0 | D:1      | Reached XP level 1. HP: 22/22 MP: 0/0
   116 | D:1      | Reached XP level 2. HP: 29/29 MP: 1/1
   400 | D:1      | Reached XP level 3. HP: 32/36 MP: 2/2
  1059 | D:2      | Noticed Sigmund
  1073 | D:2      | Killed Sigmund
  1073 | D:2      | Reached skill level 4 in Unarmed Combat
  1073 | D:2      | Reached XP level 4. HP: 30/45 MP: 3/3
  1073 | D:2      | Reached XP level 5. HP: 36/53 MP: 4/4
  1623 | D:3      | Found a sacrificial altar of Ru.
  1656 | D:3      | Became a worshipper of Ru the Awakened
  1663 | D:3      | Gained mutation: You cannot be stealthy. [Ru sacrifice]
  1785 | D:3      | Reached XP level 6. HP: 60/62 MP: 5/5
  2000 | D:3      | Noticed Ijyb
  2017 | D:3      | Killed Ijyb
  2212 | D:3      | Found a runed translucent door.
  2213 | D:3      | Noticed Crazy Yiuf
  2289 | D:3      | Killed Crazy Yiuf
  2382 | D:4      | Found a shimmering altar of Xom.
  2398 | D:4      | Reached skill level 5 in Unarmed Combat
  2448 | D:4      | Found a transporter.
  2456 | D:4      | Found a transporter.
  2459 | D:4      | Noticed Aviak's ghost (amateur HOWn)
  2467 | D:4      | Reached XP level 7. HP: 65/70 MP: 6/6
  3057 | D:4      | Found a staircase to the Ecumenical Temple.
  3397 | D:4      | Gained mutation: You cannot drink potions while threatened.
                  | [Ru sacrifice]
  3397 | D:4      | Reached * piety under Ru
  3397 | D:4      | Reached ** piety under Ru
  3436 | D:5      | Entered Level 5 of the Dungeon
  3626 | D:5      | Noticed Edmund
  3632 | D:5      | Reached skill level 5 in Fighting
  3632 | D:5      | Reached skill level 5 in Dodging
  3632 | D:5      | Reached skill level 6 in Unarmed Combat
  3641 | D:5      | Killed Edmund
  3641 | D:5      | Reached XP level 8. HP: 60/80 MP: 7/7
  4120 | D:6      | Noticed Duvessa
  4120 | D:6      | Noticed Dowan
  4215 | D:6      | Killed Duvessa
  4221 | D:6      | Killed Dowan
  4284 | D:6      | Reached skill level 7 in Unarmed Combat
  4555 | D:6      | Found a shimmering blue altar of Sif Muna.
  4810 | D:7      | Reached XP level 9. HP: 85/89 MP: 8/8
  4967 | D:7      | Gained mutation: You are clumsy. (Dex -2) [Ru sacrifice]
  5284 | D:7      | Found an iron altar of Okawaru.
  5377 | D:7      | Found an opulent altar of Gozag.
  5514 | D:7      | Got a fine robe
  5515 | D:7      | Identified the +0 robe "Arasas" {+Inv MP+9 Int+2} (You
                  | found it on level 7 of the Dungeon)
  5801 | D:8      | Noticed Erica
  5803 | D:8      | Noticed a two-headed ogre
  5829 | D:8      | Killed Erica
  5829 | D:8      | Reached skill level 8 in Unarmed Combat
  5833 | D:8      | Mangled by a two-headed ogre

Levels and vault maps discovered:
D:1:      lightli_arrival_windingriver, layout_loops_ring, serial_forest,
          infiniplex_forest_clump_curved, infiniplex_forest_end_2,
          infiniplex_forest_lined_room_2, infiniplex_forest_clump_double,
          infiniplex_forest_clump_tiny, minmay_pentomino_t2
D:2:      layout_basic, first_ration, uniq_sigmund
D:3:      layout_rooms, minivault_14, nicolae_ru_great_annihilating_truth,
          uniq_crazy_yiuf_cottage, uniq_ijyb
D:4:      layout_layer_cave, xom_confusion_cloud,
          minmay_temple_entry_enclosed_plants, gammafunk_ghost_mausoleum,
          grunt_ministairs_14, lemuel_old_faithful
D:5:      layout_rooms, uniq_edmund
D:6:      layout_cave_pools, lemuel_blue_sif_altar, st_stairs_13,
          minmay_misc_feat_four_crosses, uniq_duvessa
D:7:      layout_basic, old_standard_altar, grunt_ogre_cave,
          okawaru_altar_gauntlet_db
D:8:      layout_basic, grunt_temple_overflow_lords_of_destruction,
          nicolae_two_hexagons, uniq_erica

Skill      XL: |  1  2  3  4  5  6  7  8  9 |
---------------+----------------------------+-----
Fighting       | 3 4 5 6 7 |  7.0
Dodging        | 3 4 5 6 7 |  7.1
Unarmed Combat | 4 5 6 7 8 |  8.5
Stealth        | 0 |  0.0

Action                   |  1- 3 |  4- 6 |  7- 9 || total
-------------------------+-------+-------+-------++-------
Melee: Unarmed           |    54 |    35 |   242 ||   331
       Dagger            |    64 |   131 |       ||   195
       Punch             |     5 |     4 |     7 ||    16
Invok: Sacrifice Stealth |       |     1 |       ||     1
       Sacrifice Drink   |       |       |     1 ||     1
       Sacrifice Purity  |       |       |     1 ||     1
Evoke: Wand              |       |       |     2 ||     2
  Use: Scroll            |       |     2 |     2 ||     4
 Stab: Sleeping          |     2 |     1 |       ||     3
       Paralysed         |       |     1 |       ||     1
  Eat: Chunk             |    14 |    14 |    34 ||    62
Armor: Robe              |    40 |    74 |    68 ||   182
Dodge: Dodged            |    76 |    86 |   146 ||   308
       Deflected         |       |       |     3 ||     3
